Map: 2000 Atmospheres LE

Players

Nina - Winner!

  • Race: Protoss Protoss
  • League: Grandmaster

Vindicta

  • Race: Terran Terran
  • League: Master

Event: DreamHack SC2 Masters 2021 Summer

VOD

Have the link to the VOD?

Description

Time

  • Played on: June 3, 2021, 3:42 p.m.
  • Length: 10:52

All games in this series

Show
View Real Time Build Order
Export as new Build Order

Nina Protoss - Winner!

Build Orders: 1 Gate Expand, Colossus Rush 

Get SALT Encoding   

  12  0:00  Probe  
  13  0:12  Probe  
  14  0:18  Pylon  
  14  0:24  Probe (Chrono Boost)  
  15  0:37  Probe (Chrono Boost)  
  15  0:38  Gateway  
  16  0:43  Assimilator  
  16  0:46  Probe (Chrono Boost)  
  17  0:52  Probe  
  18  1:04  Probe  
  19  1:16  Probe  
  20  1:25  Cybernetics Core  
  20  1:33  Nexus  
  20  1:40  Pylon  
  20  1:43  Probe  
  21  1:48  Assimilator  
  21  1:56  Probe  
  21  1:59  Adept (Chrono Boost)  
  22  2:03  Warp Gate  
  22  2:08  Probe  
  25  2:20  Probe (Chrono Boost)  
  25  2:21  Stalker  
  28  2:32  Probe (Chrono Boost)  
  28  2:34  Robotics Facility  
  29  2:40  Probe (Chrono Boost)  
  30  2:46  Probe (Chrono Boost)  
  32  2:51  Probe (Chrono Boost), Stalker  
  32  2:56  Probe (Chrono Boost)  
  35  2:59  Assimilator  
  35  3:00  Probe (Chrono Boost)  
  35  3:01  Probe (Chrono Boost)  
  37  3:08  Gateway  
  37  3:10  Probe  
  37  3:12  Probe  
  39  3:19  Pylon  
  39  3:22  Observer (Chrono Boost), Probe  
  39  3:24  Probe  
  42  3:34  Robotics Bay  
  42  3:35  Probe  
  42  3:37  Probe  
  44  3:44  Warp Prism  
  44  3:47  Probe  
  47  3:49  Probe  
  48  3:56  Pylon  
  48  3:57  Shield Battery  
  48  3:59  Probe  
  49  4:06  Stalker x2  
  49  4:07  Probe  
  54  4:14  Probe, Pylon  
  54  4:16  Observer  
  55  4:19  Probe  
  56  4:26  Colossus (Chrono Boost)  
  62  4:31  Pylon  
  62  4:32  Probe  
  62  4:33  Observer  
  62  4:34  Gravitic Drive  
  63  4:39  Probe  
  63  4:44  Assimilator  
  64  4:48  Probe  
  65  4:54  Nexus  
  65  4:55  Observer  
  65  4:59  Pylon  
  65  5:02  Twilight Council  
  65  5:09  Colossus (Chrono Boost)  
  65  5:11  Sentry  
  65  5:13  Probe  
  74  5:14  Probe  
  74  5:25  Gateway, Sentry  
  74  5:26  Probe  
  77  5:31  Shield Battery  
  77  5:36  Gateway  
  77  5:39  Gateway  
  77  5:40  Probe  
  78  5:44  Zealot  
  78  5:45  Charge (Chrono Boost)  
  80  5:52  Probe  
  81  6:00  Probe  
  82  6:05  Probe, Colossus (Chrono Boost)  
  82  6:06  Pylon x2  
  82  6:15  Probe  
  82  6:17  Extended Thermal Lance  
  83  6:21  Probe  
  83  6:22  Probe  
  83  6:25  Forge  
  85  6:29  Gateway  
  85  6:31  Probe  
  86  6:33  Probe  
  86  6:34  Probe  
  86  6:35  Zealot  
  90  6:43  Probe  
  90  6:44  Gateway  
  90  6:45  Probe  
  90  6:46  Probe  
  93  6:55  Probe  
  93  6:57  Probe  
  89  7:03  Zealot x4  
  89  7:05  Probe  
  89  7:08  Probe  
  99  7:09  Probe  
  99  7:11  Observer  
  100  7:15  Blink (Chrono Boost)  
  100  7:18  Probe  
  100  7:19  Photon Cannon, Protoss Ground Weapons Level 1 (Chrono Boost)  
  100  7:20  Probe  
  100  7:22  Probe  
  101  7:27  Pylon  
  101  7:29  Pylon  
  101  7:32  Shield Battery  
  101  7:34  Photon Cannon  
  101  7:37  Zealot  
  98  7:52  Zealot x5  
  98  7:55  Observer, Probe  
  98  7:56  Probe  
  109  7:59  Probe  
  109  8:03  Templar Archives  
  110  8:07  Probe  
  110  8:10  Probe  
  110  8:11  Pylon  
  110  8:12  Assimilator  
  112  8:16  Zealot x3  
  112  8:17  Zealot  
  112  8:18  Disruptor (Chrono Boost)  
  121  8:20  Probe  
  124  8:27  Pylon  
  124  8:30  Probe  
  125  8:34  Stalker x3  
  125  8:37  Zealot x2  
  125  8:40  High Templar  
  125  8:41  High Templar  
  139  8:44  Archon  
  137  8:51  Observer (Chrono Boost)  
  137  8:53  Observer  
  138  8:59  Gateway  
  138  9:00  Zealot x5  
  138  9:01  Forge  
  148  9:05  Pylon  
  148  9:10  Pylon  
  148  9:16  Nexus  
  148  9:19  Pylon  
  144  9:36  Zealot x6  
  144  9:37  Zealot  
  154  9:38  Probe  
  144  9:47  Probe  
  144  9:48  Disruptor  
  136  9:59  Nexus  
  126  10:13  Stalker x4  
  130  10:14  Zealot x2  
  130  10:17  Probe  
  130  10:18  Probe  
  130  10:19  Probe  
  132  10:28  Pylon  
  134  10:29  Probe  
  134  10:30  Probe  
  136  10:35  Assimilator  
Show
View Real Time Build Order
Export as new Build Order

Vindicta Terran 

Build Orders:  

Get SALT Encoding   

  12  0:00  SCV  
  13  0:12  SCV  
  14  0:17  Supply Depot  
  14  0:24  SCV  
  15  0:38  SCV  
  15  0:40  Barracks  
  16  0:43  Refinery  
  16  0:50  SCV  
  17  1:02  SCV  
  18  1:14  SCV  
  19  1:28  Orbital Command  
  19  1:31  Marine  
  20  1:43  Command Center  
  20  1:53  Supply Depot  
  20  1:54  Barracks Reactor  
  20  1:58  SCV  
  21  2:09  Factory  
  21  2:11  SCV  
  22  2:19  Refinery  
  22  2:23  SCV  
  22  2:29  Bunker  
  23  2:30  Marine x2  
  23  2:35  SCV  
  26  2:47  SCV  
  29  2:54  Widow Mine, Starport  
  29  3:00  Orbital Command  
  29  3:01  SCV  
  29  3:04  Marine  
  31  3:10  Marine  
  32  3:15  Widow Mine, SCV  
  35  3:21  Supply Depot  
  35  3:22  Marine  
  35  3:25  SCV  
  37  3:28  Marine  
  37  3:33  Medivac  
  40  3:38  SCV x2  
  40  3:40  Marine  
  43  3:46  Marine  
  43  3:47  Factory Tech Lab  
  44  3:50  SCV  
  44  3:52  Barracks  
  44  3:54  SCV  
  46  3:58  Marine  
  47  4:03  Marine  
  47  4:04  SCV, Barracks  
  47  4:08  Supply Depot  
  49  4:11  Raven  
  49  4:12  Factory Tech Lab  
  49  4:13  SCV  
  49  4:16  SCV  
  52  4:18  Engineering Bay  
  52  4:19  Marine  
  53  4:25  SCV  
  53  4:26  Refinery  
  53  4:30  Marine  
  53  4:31  SCV  
  56  4:32  Supply Depot  
  56  4:36  Siege Tank  
  59  4:39  SCV  
  59  4:44  Supply Depot  
  60  4:46  SCV  
  60  4:51  Marine  
  62  4:53  SCV, Marine  
  62  4:58  SCV  
  65  5:01  Terran Infantry Weapons Level 1  
  65  5:04  Refinery, Stimpack  
  65  5:05  SCV  
  65  5:06  Marauder  
  65  5:07  Barracks Tech Lab  
  68  5:10  Starport Reactor  
  68  5:11  SCV  
  68  5:14  Marine, Supply Depot  
  69  5:15  Marine  
  69  5:17  SCV  
  72  5:26  SCV  
  72  5:27  Marine  
  74  5:29  Combat Shield  
  74  5:30  Marauder  
  74  5:34  Marine  
  77  5:50  Missile Turret  
  77  5:53  Siege Tank  
  76  5:59  Marauder, Marine  
  76  6:00  Marauder, Marine  
  76  6:01  SCV x2  
  81  6:16  Medivac  
  81  6:17  SCV  
  81  6:18  SCV, Marine x2  
  81  6:21  Marauder, Marine  
  86  6:34  Supply Depot  
  86  6:36  Missile Turret  
  86  6:38  Marine x2  
  86  6:39  SCV, Marauder, Viking  
  93  6:41  SCV  
  93  6:46  Concussive Shells  
  93  6:54  SCV  
  93  6:55  Medivac  
  93  6:56  Marauder  
  93  7:01  Marauder  
  102  7:10  Supply Depot  
  102  7:12  Supply Depot  
  102  7:18  Supply Depot  
  102  7:20  Marine x2  
  101  7:27  Command Center  
  101  7:29  Marauder x2  
  105  7:30  Factory Reactor  
  105  7:31  Medivac  
  105  7:32  Medivac  
  109  7:38  Marine x2  
  109  7:40  SCV x2  
  109  7:43  Supply Depot  
  109  7:49  Barracks  
  109  7:53  Barracks  
  109  7:55  Marine  
  109  7:56  Marauder  
  112  8:03  Marine  
  113  8:06  Marine  
  113  8:11  Starport  
  113  8:12  Terran Infantry Armor Level 1  
  114  8:13  SCV  
  114  8:14  SCV  
  114  8:15  Ghost Academy  
  114  8:16  Viking  
  118  8:20  Marauder  
  118  8:23  Marine  
  121  8:27  SCV  
  121  8:28  SCV  
  123  8:37  Supply Depot  
  123  8:39  Marine  
  123  8:40  SCV x2, Marauder  
  128  8:42  Orbital Command  
  128  8:43  Marine  
  128  8:48  Enhanced Shockwaves  
  128  8:49  Ghost  
  128  8:53  Barracks Reactor  
  128  8:54  Medivac  
  131  9:00  Liberator  
  131  9:01  Orbital Command  
  131  9:02  Ghost  
  134  9:09  Marine  
  139  9:10  SCV x2  
  139  9:14  Marine  
  139  9:16  Liberator  
  143  9:19  Viking  
  143  9:20  Marine  
  143  9:22  SCV, Marine  
  148  9:26  Marine  
  148  9:28  SCV  
  142  9:31  Marauder  
  142  9:32  Marine  
  142  9:35  Marine x2  
  142  9:37  SCV  
  143  9:38  Marauder  
  143  9:40  Marine  
  143  9:44  Marine  
  133  9:47  SCV x2  
  133  9:50  SCV, Marine  
  133  9:52  Marine x2  
  113  9:58  Marine  
  113  9:59  SCV x2, Marine  
  102  10:04  SCV  
  93  10:07  Marauder  
  93  10:10  Orbital Command  
  93  10:11  Marine  
  93  10:12  SCV  
  92  10:14  Ghost  
  92  10:18  Marine  
  92  10:20  Marine  
  94  10:24  Marine  
  93  10:32  Marine x2  
  93  10:33  Marine  
Tags
 
Add a new tag
Caveats
  • Supply blocks, unpowered buildings, or Contaminate may cause inaccurate times.
  • Supply counts are checked every 10 seconds.